AoeStats
← Baggi

Scandinavia

510506299Analyzed
1v1 RM · 16h ago on Oct 1, 2026· 43m 35s· 2 players
Game mode
Random Map
Map size
Tiny (2 player)
Population
200
Speed
Normal
Resources
Standard
Victory
Conquest
Starting age
Dark Age
Ending age
Imperial Age
RankedLock teamsTeams togetherTeam positionsShared explorationLock speedFull tech treeHidden civsTurbo modeCheats
Victory
Defeat
🇧🇷 Franks · Brazil
991
+16
🇨🇳 Byzantines · China
990
-16
io.
5:11 Loom
11:52 Feudal Age
15:41 Castle Age
14:16 Double-Bit Axe
23:14 Wheelbarrow
24:53 Hand Cart
24:47 Stone Mining
25:40 Fishing Lines
29:59 Padded Archer Armor
29:49 Fletching
32:07 Stone Shaft Mining
31:23 Gold Mining
35:40 Imperial Age
35:07 Forging
34:50 Treadmill Crane
36:49 Iron Casting
36:20 Scale Barding Armor
36:43 Conscription
37:20 Husbandry
38:45 Chain Barding Armor
38:25 Scale Mail Armor
38:31 Pikeman
39:14 Squires
39:44 Halberdier
43:27 Chain Mail Armor
43:30 Bow Saw
Baggi
8:05 Loom
10:19 Feudal Age
10:47 Double-Bit Axe
17:53 Scale Barding Armor
22:38 Castle Age
22:37 Forging
24:25 Bow Saw
24:21 Gold Mining
24:22 Stone Mining
25:16 Wheelbarrow
25:11 Chain Barding Armor
27:14 Hand Cart
26:46 Town Watch
29:26 Iron Casting
29:29 Husbandry
34:30 Imperial Age
32:17 Scale Mail Armor
32:08 Fletching
32:19 Padded Archer Armor
35:09 Ballistics
35:01 Masonry
36:57 Blast Furnace
36:34 Plate Barding Armor
36:15 Leather Archer Armor
37:06 Conscription
36:41 Arrowslits
39:34 Chemistry
38:15 Treadmill Crane
38:46 Fortified Wall
39:07 Architecture
38:52 Town Patrol
38:52 Ordonnance Companies
42:03 Elite Throwing Axeman
43:26 Chivalry
43:53 Bodkin Arrow
44:14 Chain Mail Armor
Connection lost

Rejoining the realm…

Still unreachable

The connection could not be restored.

Session expired

The server has moved on; the page needs a fresh start.